 Dungeon Crawl Stone Soup version 0.27-a0-883-g39567a0c06 (webtiles) character file.

Game seed: 4795572455595838123

94 HELP the Changer (level 4, -5/28 HPs)
             Began as an Octopode Transmuter on Apr 3, 2021.
             Was a Follower of Okawaru.
             Slain by Natasha (8 damage)
             ... on level 2 of the Dungeon.
             The game lasted 00:11:43 (2435 turns).

HELP the Changer (Octopode Transmuter)              Turns: 2435, Time: 00:11:44

Health: -5/28      AC:  1    Str:  9    XL:     4   Next: 63%
Magic:  8/8        EV: 13    Int: 16    God:    Okawaru [*.....]
Gold:   67         SH:  0    Dex: 12    Spells: 2/8 levels left

rFire    . . .     SeeInvis .   a - +0 dagger
rCold    . . .     Faith    .   (no shield)
rNeg     . . .     Spirit   .   (helmet restricted)
rPois    .         Reflect  .   (no amulet)
rElec    .         Harm     .   (no ring)
rCorr    .         Rampage  .   (no ring)
Will     .....                  (no ring)
Stlth    +++.......             (no ring)
HPRegen  0.09/turn              (no ring)
MPRegen  0.11/turn              (no ring)
                                (no ring)
                                (no ring)

@: weak-willed, wereblooded (expiring)
A: almost no armour, amphibious, 8 rings, camouflage 1, gelatinous body 1,
(nimble swimmer 1), tentacles
a: Renounce Religion, Heroism


You were on level 2 of the Dungeon.
You worshipped Okawaru.
Okawaru was aware of your devotion.
You visited 1 branch of the dungeon, and saw 3 of its levels.

You collected 67 gold pieces.

Inventory:

Hand Weapons
 a - a +0 dagger (weapon)
Missiles
 b - 46 arrows
 d - 67 sling bullets
Scrolls
 c - a scroll of teleportation {unknown}
Potions
 h - a potion of curing


   Skills:
 - Level 1.0 Fighting
 - Level 2.0 Dodging
 + Level 2.7 Stealth
 - Level 3.0 Unarmed Combat
 + Level 2.6 Spellcasting
 * Level 3.5 Transmutations
 + Level 0.7 Poison Magic


You had 2 spell levels left.
You knew the following spells:

 Your Spells              Type           Power      Damage    Failure   Level
a - Beastly Appendage     Tmut           26%        N/A       4%          1
s - Spider Form           Tmut/Pois      4%         N/A       24%         3
w - Wereblood             Tmut           13%        N/A       7%          2

Your spell library contained the following spells:

 Spells                   Type           Power      Damage    Failure   Level
 Animate Skeleton         Necr           4%         N/A       19%         1
 Apportation              Tloc           4%         N/A       19%         1
 Corona                   Hex            2%         N/A       19%         1
 Summon Small Mammal      Summ           8%         N/A       19%         1
 Ice Form                 Ice/Tmut       7%         N/A       67%         4
 Hydra Form               Tmut           6%         N/A       77%         5


Dungeon Overview and Level Annotations

Branches:
Dungeon (3/15)

Altars:
Okawaru

Shops:
D:2 ?

Annotations:
D:2 Natasha


Innate Abilities, Weirdness & Mutations

You cannot wear most types of armour.
You are amphibious.
You can wear up to eight rings at the same time.
Your skin changes colour to match your surroundings (Stealth+).
Your rubbery body absorbs attacks. (AC +1, EV +1)
((You are camouflaged near water. (Stealth+)))
You have tentacles for arms and can constrict up to eight enemies at once.


Message History

You howl as the wereblood boils in your veins!
Natasha casts a spell.
You closely miss Natasha. You grab Natasha. Your squeeze misses Natasha.
Natasha is lightly wounded.
You constrict Natasha. Natasha barely misses you.
You hit Natasha. Your squeeze misses Natasha.
Natasha is moderately wounded.
You howl as the wereblood boils in your veins!
You constrict Natasha. Natasha claws you.
* * * LOW HITPOINT WARNING * * *
You hit Natasha but do no damage. You squeeze Natasha.
Natasha is severely wounded.
You howl as the wereblood boils in your veins!
You constrict Natasha. Natasha claws you.
* * * LOW HITPOINT WARNING * * *
Okay, then.
You release your grip on Natasha.
Natasha closely misses you.
Okay, then.
Okay, then.
As you read the scroll labelled KEGEF XADAHAACK, it crumbles to dust.
Magic quickly surges around you.
It was a scroll of vulnerability.
Your transformation is almost over.
Natasha stares at you and mumbles some strange words.
You resist with significant effort. Natasha barely misses you.
You howl as the wereblood boils in your veins!
There is a stone staircase leading up here.
Natasha misses you.
You climb upwards.
The shadow imp disappears in a puff of smoke!
There is a stone staircase leading down here.
Natasha stares at you and mumbles some strange words.
You resist with significant effort.
You howl as the wereblood boils in your veins!
Your tentacle spike disappears.
Your primal bloodlust is almost over.
Natasha extends her claws.
Natasha claws you!
You die...

#........................
#.##....###.####.###.####
#.#...........##.....#
#.#########.#.##.#####
##'#####..(..#.####
#.....##.###.#.#
#.....##.# ###.# ######
#.....##.###...####....###
#.>.....h@...........[....
#.....##.#...######....###
#.....##.#.### #......#
#.....##.#.# #......#
#.....##.#'#### #......#
#.....##......# #......#
#########.....# #....###
#.....# #..††... #.....#
##.....(


You could see Natasha (weak-willed).

Vanquished Creatures
  5 adders (D:2)
  A worm (D:2)
  A dart slug (D:2)
  2 bats (D:1)
  5 endoplasms
  3 goblins
  3 hobgoblins
  9 kobolds
  4 quokkas
  5 ball pythons
  3 frilled lizards
  4 rats (D:2)
45 creatures vanquished.

Vanquished Creatures (others)
  A plant (D:1)
1 creature vanquished.

Grand Total: 46 creatures vanquished

Notes
Turn   | Place    | Note
-------+----------+-------------------------------------------
     0 | D:1      | HELP the Octopode Transmuter began the quest for the Orb.
     0 | D:1      | Reached XP level 1. HP: 13/13 MP: 3/3
   323 | D:1      | Reached XP level 2. HP: 15/18 MP: 3/5
   324 | D:1      | Reached skill level 1 in Stealth
   828 | D:1      | Found a faded altar of an unknown god.
   841 | D:1      | Became a worshipper of Warmaster Okawaru
   841 | D:1      | Reached * piety under Okawaru
  1279 | D:1      | Learned a level 2 spell: Wereblood
  1388 | D:2      | Reached XP level 3. HP: 23/23 MP: 6/6
  1426 | D:2      | Learned a level 3 spell: Spider Form
  1939 | D:2      | Reached XP level 4. HP: 26/28 MP: 5/7
  2096 | D:2      | Found Bost's Magic Scroll Shop.
  2408 | D:3      | Noticed Natasha
  2415 | D:3      | HP: 1/28 [Natasha (6)]
  2435 | D:2      | Slain by Natasha

Illustrated notes

Levels and vault maps discovered:
D:1:      dpeg_arrival_simpleton_b, layout_loops_cross, serial_forest,
          infiniplex_forest_clump_double, infiniplex_forest_clump_long,
          infiniplex_forest_lined_1, infiniplex_forest_corner_1,
          infiniplex_forest_clump_C, infiniplex_forest_end_2,
          chequers_ecumenical_altar_island
D:2:      minmay_evil_eye, layout_basic, serial_shops, shop
D:3:      layout_rooms, gammafunk_temple_overflow_wave, serial_rivers,
          chequers_serial_rivers_marsh, chequers_serial_rivers_large_a,
          chequers_serial_rivers_large_b, chequers_serial_rivers_micro_a,
          chequers_serial_rivers_micro_a, chequers_serial_rivers_room_a,
          uniq_natasha, uniq_sigmund

Skill      XL: |  1  2  3 |
---------------+----------+-----
Stealth        | 1 2 |  2.7
Transmutations | 3 |  3.5
Fighting       | |  1.0
Dodging        | |  2.0
Unarmed Combat | |  3.0
Spellcasting   | |  2.6
Poison Magic   | |  0.7

Action                   |  1- 3 |  4- 6 || total
-------------------------+-------+-------++-------
Melee: Dagger            |    75 |    33 ||   108
       Kick              |    18 |     3 ||    21
       Constrict         |    16 |     6 ||    22
       Unarmed           |     3 |       ||     3
       Tentacles         |    11 |     4 ||    15
       Punch             |     3 |       ||     3
 Cast: Beastly Appendage |    15 |     7 ||    22
       Wereblood         |     1 |     1 ||     2
  Use: Potion            |       |     5 ||     5
       Scroll            |       |     1 ||     1
 Stab: Sleeping          |     6 |     4 ||    10
Armor: Skin              |     4 |     2 ||     6
Dodge: Dodged            |    51 |    30 ||    81

Table legend: (Time is in decaauts)
 A = Elapsed time spent in this place.
 B = Non-inter-level travel time spent in this place.
 C = Inter-level travel time spent in this place.
 D = Time resting spent in this place.
 E = Time spent auto-exploring this place.
 F = Levels seen in this place.
 G = Mean time per level.
                   A        B        C        D        E       F      G
               +--------+--------+--------+--------+--------+-----+--------+
         Total |   2433 |   2389 |     44 |    224 |   1743 |   3 |  811.0 |
       Dungeon |   2433 |   2389 |     44 |    224 |   1743 |   3 |  811.0 |
               +--------+--------+--------+--------+--------+-----+--------+

Top non-repeatable levels by time:
     D:1: 1292 daAuts
     D:2: 1106 daAuts
     D:3: 33 daAuts
